TOP OF THE 1ST |
Pueblo Prairie Dogs batting - Pitching for Rancho Cucamonga Sick Monkeys : RHP Armando Rocha
|
Pitching: RHP Armando Rocha
|
|
Batting: RHB Manny Herrera
|
0-0: Foul Ball, location: 2F 0-1: Foul Ball, location: 2F 0-2: Strikes out swinging
|
Batting: LHB Alonso Carbajal
|
0-0: Ball 1-0: Swinging Strike 1-1: Ground out 3-1 (Groundball, 34)
|
Batting: RHB Kyle Mann
|
0-0: Ball 1-0: Called Strike 1-1: Foul Ball, location: 2F 1-2: Strikes out swinging
|
Top of the 1st over - 0 run(s), 0 hit(s), 0 error(s), 0 left on base; Pueblo 0 - Rancho Cucamonga 0 |
BOTTOM OF THE 1ST |
Rancho Cucamonga Sick Monkeys batting - Pitching for Pueblo Prairie Dogs : LHP Shannon Thomas
|
Pitching: LHP Shannon Thomas
|
|
Batting: LHB José Esparza
|
0-0: Ball 1-0: Swinging Strike 1-1: Swinging Strike 1-2: Foul Ball, location: 2F 1-2: Ball 2-2: Ball 3-2: Ground out 3-1 (Groundball, 34)
|
Batting: LHB Carl Hayden
|
0-0: Ball 1-0: SINGLE (Flyball, 78S)
|
Batting: RHB Orlando González
|
0-0: Foul Ball, location: 2F 0-1: Foul Ball, location: 2F 0-2: Foul Ball, location: 2F 0-2: SINGLE (Line Drive, 8LS) Carl Hayden to second
|
Batting: LHB Ed Ballard
|
0-0: Ball 1-0: Swinging Strike 1-1: Called Strike 1-2: SINGLE (Flyball, 78M) Carl Hayden to third Orlando González to second Runner from 3rd tries for Home, SAFE, throw made home Orlando González to third Ed Ballard to second
|
Batting: LHB Paul Holcomb
|
0-0: Called Strike 0-1: Foul Ball, location: 2F 0-2: Ball 1-2: Ball 2-2: SINGLE (Flyball, 7S) Orlando González scores Ed Ballard to third Runner from 3rd tries for Home, throw and OUT! Paul Holcomb to second
|
Batting: SHB Keith Hale
|
0-0: Called Strike 0-1: Called Strike 0-2: Reached on error, E7 (Line Drive, 7) Paul Holcomb scores
|
Batting: RHB Dan McKay
|
0-0: Ball 1-0: Ball 2-0: Swinging Strike 2-1: Ball 3-1: Called Strike 3-2: Ground out 6-3 (Groundball, 6M)
|
Bottom of the 1st over - 3 run(s), 4 hit(s), 1 error(s), 1 left on base; Pueblo 0 - Rancho Cucamonga 3 |
TOP OF THE 2ND |
Pueblo Prairie Dogs batting - Pitching for Rancho Cucamonga Sick Monkeys : RHP Armando Rocha
|
Batting: RHB Juan Hernández
|
0-0: Ball 1-0: Ball 2-0: Called Strike 2-1: Called Strike 2-2: Ball 3-2: Strikes out swinging
|
Batting: RHB Eric Barthorpe
|
0-0: Ball 1-0: Called Strike 1-1: Ground out 4-3 (Groundball, 34)
|
Batting: LHB Patrick Carlson
|
0-0: Ball 1-0: Ball 2-0: Called Strike 2-1: Foul Ball, location: 2F 2-2: Foul Ball, location: 2F 2-2: Ball 3-2: Ground out 4-3 (Groundball, 4)
|
Top of the 2nd over - 0 run(s), 0 hit(s), 0 error(s), 0 left on base; Pueblo 0 - Rancho Cucamonga 3 |
BOTTOM OF THE 2ND |
Rancho Cucamonga Sick Monkeys batting - Pitching for Pueblo Prairie Dogs : LHP Shannon Thomas
|
Batting: SHB Jorge Maldonado
|
0-0: Ball 1-0: Ground out 6-3 (Groundball, 6S)
|
Batting: RHB Jeremy Davis
|
0-0: Ball 1-0: Ball 2-0: Ball 3-0: Called Strike 3-1: Foul Ball, location: 2F 3-2: Base on Balls
|
Batting: LHB José Esparza
|
0-0: Fielders Choice at 2nd, 4-6 (Groundball, 4)
|
Batting: LHB Carl Hayden
|
0-0: Ball 1-0: Ball 2-0: Foul Ball, location: 2F 2-1: Ball 3-1: Fly out, F8 (Flyball, 8LS)
|
Bottom of the 2nd over - 0 run(s), 0 hit(s), 0 error(s), 1 left on base; Pueblo 0 - Rancho Cucamonga 3 |
TOP OF THE 3RD |
Pueblo Prairie Dogs batting - Pitching for Rancho Cucamonga Sick Monkeys : RHP Armando Rocha
|
Batting: LHB William Romero
|
0-0: Called Strike 0-1: Ball 1-1: Foul Ball, location: 2F 1-2: Ball 2-2: Ball 3-2: Fly out, F7 (Flyball, 7)
|
Batting: SHB Jorge Melgaza
|
0-0: Foul Ball, location: 2F 0-1: Ball 1-1: Foul Ball, location: 2F 1-2: Strikes out swinging
|
Batting: SHB Enrique Hernández
|
0-0: Foul Ball, location: 2F 0-1: Ball 1-1: SINGLE (Groundball, 6D)
|
Batting: RHB Manny Herrera
|
0-0: Foul Ball, location: 2F 0-1: Swinging Strike 0-2: SINGLE (Groundball, 6MD) Enrique Hernández to second
|
Batting: LHB Alonso Carbajal
|
0-0: Ball 1-0: Foul Ball, location: 2F 1-1: Called Strike 1-2: Foul Ball, location: 2F 1-2: Ball 2-2: Foul Ball, location: 2F 2-2: Foul Ball, location: 2F 2-2: Fielders Choice at 2nd, 4-6 (Groundball, 4)
|
Top of the 3rd over - 0 run(s), 2 hit(s), 0 error(s), 1 left on base; Pueblo 0 - Rancho Cucamonga 3 |
BOTTOM OF THE 3RD |
Rancho Cucamonga Sick Monkeys batting - Pitching for Pueblo Prairie Dogs : LHP Shannon Thomas
|
Batting: RHB Orlando González
|
0-0: Called Strike 0-1: Ball 1-1: Fly out, F3 (Popup, 3L)
|
Batting: LHB Ed Ballard
|
0-0: SINGLE (Line Drive, 89M)
|
Batting: LHB Paul Holcomb
|
0-0: Ball Ed Ballard is caught stealing 2nd base 1-0: SOLO HOME RUN (Line Drive, 9D), Distance : 378 ft
|
Batting: SHB Keith Hale
|
0-0: Fly out, F6 (Popup, 5D)
|
Bottom of the 3rd over - 1 run(s), 2 hit(s), 0 error(s), 0 left on base; Pueblo 0 - Rancho Cucamonga 4 |
TOP OF THE 4TH |
Pueblo Prairie Dogs batting - Pitching for Rancho Cucamonga Sick Monkeys : RHP Armando Rocha
|
Batting: RHB Kyle Mann
|
0-0: Ball 1-0: Swinging Strike 1-1: Called Strike 1-2: Ball 2-2: Foul Ball, location: 2F 2-2: Foul Ball, location: 2F 2-2: Strikes out swinging
|
Batting: RHB Juan Hernández
|
0-0: Ball 1-0: Fly out, F7 (Line Drive, 78M)
|
Batting: RHB Eric Barthorpe
|
0-0: Swinging Strike 0-1: Foul Ball, location: 2F 0-2: Fly out, F8 (Line Drive, 8RM)
|
Top of the 4th over - 0 run(s), 0 hit(s), 0 error(s), 0 left on base; Pueblo 0 - Rancho Cucamonga 4 |
BOTTOM OF THE 4TH |
Rancho Cucamonga Sick Monkeys batting - Pitching for Pueblo Prairie Dogs : LHP Shannon Thomas
|
Batting: RHB Dan McKay
|
0-0: Swinging Strike 0-1: Fly out, F3 (Line Drive, 3S)
|
Batting: SHB Jorge Maldonado
|
0-0: Ball 1-0: Ball 2-0: Foul Ball, location: 2F 2-1: Fly out, F8 (Flyball, 8LD)
|
Batting: RHB Jeremy Davis
|
0-0: Ball 1-0: Foul Ball, location: 2F 1-1: Swinging Strike 1-2: Ball 2-2: Ball 3-2: Base on Balls
|
Batting: LHB José Esparza
|
0-0: Ball 1-0: Ball 2-0: Called Strike 2-1: SINGLE (Groundball, 34) (infield hit) Jeremy Davis to second
|
Batting: LHB Carl Hayden
|
0-0: Foul Ball, location: 2F 0-1: Foul Ball, location: 2F 0-2: Ball 1-2: Ball 2-2: Ball 3-2: SINGLE (Flyball, 8LS) Jeremy Davis to third José Esparza to second Jeremy Davis scores José Esparza to third
|
Batting: RHB Orlando González
|
0-0: Called Strike 0-1: Fly out, F5 (Popup, 5D)
|
Bottom of the 4th over - 1 run(s), 2 hit(s), 0 error(s), 2 left on base; Pueblo 0 - Rancho Cucamonga 5 |
TOP OF THE 5TH |
Pueblo Prairie Dogs batting - Pitching for Rancho Cucamonga Sick Monkeys : RHP Armando Rocha
|
Batting: LHB Patrick Carlson
|
0-0: Ball 1-0: Called Strike 1-1: Foul Ball, location: 2F 1-2: Foul Ball, location: 2F 1-2: Strikes out swinging
|
Batting: LHB William Romero
|
0-0: Foul Ball, location: 2F 0-1: Ball 1-1: Foul Ball, location: 2F 1-2: Ball 2-2: Strikes out looking
|
Batting: SHB Jorge Melgaza
|
0-0: Foul Ball, location: 2F 0-1: Ball 1-1: SINGLE (Line Drive, 6M)
|
Batting: SHB Enrique Hernández
|
0-0: Fielders Choice at 2nd, U6 (Groundball, 6M)
|
Top of the 5th over - 0 run(s), 1 hit(s), 0 error(s), 1 left on base; Pueblo 0 - Rancho Cucamonga 5 |
BOTTOM OF THE 5TH |
Rancho Cucamonga Sick Monkeys batting - Pitching for Pueblo Prairie Dogs : LHP Shannon Thomas
|
Batting: LHB Ed Ballard
|
0-0: Fly out, F9 (Flyball, 89S)
|
Batting: LHB Paul Holcomb
|
0-0: Ball 1-0: Ball 2-0: Foul Ball, location: 2F 2-1: Ball 3-1: Ground out 4-3 (Groundball, 4)
|
Batting: SHB Keith Hale
|
0-0: Swinging Strike 0-1: Ball 1-1: Ball 2-1: Ball 3-1: Foul Ball, location: 2F 3-2: SINGLE (Groundball, 6S) (infield hit)
|
Pitching: RHP Edgar Sandoval
|
|
Batting: RHB Dan McKay
|
0-0: Called Strike 0-1: Called Strike 0-2: Foul Ball, location: 2F 0-2: SINGLE (Line Drive, 6MD) Keith Hale to second Keith Hale to third
|
Batting: SHB Jorge Maldonado
|
0-0: Foul Ball, location: 2F 0-1: Swinging Strike 0-2: Strikes out swinging
|
Bottom of the 5th over - 0 run(s), 2 hit(s), 0 error(s), 2 left on base; Pueblo 0 - Rancho Cucamonga 5 |
TOP OF THE 6TH |
Pueblo Prairie Dogs batting - Pitching for Rancho Cucamonga Sick Monkeys : RHP Armando Rocha
|
Batting: RHB Manny Herrera
|
0-0: Called Strike 0-1: Foul Ball, location: 2F 0-2: Strikes out swinging
|
Batting: LHB Alonso Carbajal
|
0-0: Foul Ball, location: 2F 0-1: Ball 1-1: Ball 2-1: Foul Ball, location: 2F 2-2: Ball 3-2: SINGLE (Groundball, 6MD)
|
Pitching: RHP Héctor Fabián
|
|
Batting: RHB Kyle Mann
|
0-0: Called Strike 0-1: Swinging Strike 0-2: Ball 1-2: Foul Ball, location: 2F 1-2: Ball 2-2: Strikes out swinging Alonso Carbajal steals 2nd base Batter strikes out.
|
Batting: RHB Juan Hernández
|
0-0: Ball 1-0: Fly out, F9 (Flyball, 89M)
|
Top of the 6th over - 0 run(s), 1 hit(s), 0 error(s), 1 left on base; Pueblo 0 - Rancho Cucamonga 5 |
BOTTOM OF THE 6TH |
Rancho Cucamonga Sick Monkeys batting - Pitching for Pueblo Prairie Dogs : RHP Edgar Sandoval
|
Batting: RHB Jeremy Davis
|
0-0: Ball 1-0: Ball 2-0: Ground out 6-3 (Groundball, 6)
|
Batting: LHB José Esparza
|
0-0: Ball 1-0: Called Strike 1-1: Swinging Strike 1-2: Ball 2-2: Foul Ball, location: 2F 2-2: Strikes out swinging
|
Batting: LHB Carl Hayden
|
0-0: Ball 1-0: Called Strike 1-1: Ball 2-1: Ball 3-1: Called Strike 3-2: Base on Balls
|
Batting: RHB Orlando González
|
0-0: Ball 1-0: Ball Carl Hayden steals 2nd base 2-0: Ground out 4-3 (Groundball, 4M)
|
Bottom of the 6th over - 0 run(s), 0 hit(s), 0 error(s), 1 left on base; Pueblo 0 - Rancho Cucamonga 5 |
TOP OF THE 7TH |
Pueblo Prairie Dogs batting - Pitching for Rancho Cucamonga Sick Monkeys : RHP Héctor Fabián
|
Now at 1B: Roberto Quiñones
|
|
Batting: RHB Eric Barthorpe
|
0-0: Ball 1-0: Ground out U3 (Groundball, 3S)
|
Batting: LHB Patrick Carlson
|
0-0: Called Strike 0-1: Ball 1-1: Ground out 5-3 (Groundball, 56S)
|
Batting: LHB William Romero
|
0-0: Ball 1-0: Foul Ball, location: 2F 1-1: Ball 2-1: Ball 3-1: Base on Balls
|
Batting: SHB Jorge Melgaza
|
0-0: Fly out, F4 (Line Drive, 4M)
|
Top of the 7th over - 0 run(s), 0 hit(s), 0 error(s), 1 left on base; Pueblo 0 - Rancho Cucamonga 5 |
BOTTOM OF THE 7TH |
Rancho Cucamonga Sick Monkeys batting - Pitching for Pueblo Prairie Dogs : RHP Edgar Sandoval
|
Batting: LHB Ed Ballard
|
0-0: Called Strike 0-1: Fly out, F2 (Popup, 3S)
|
Batting: LHB Paul Holcomb
|
0-0: Ball 1-0: Foul Ball, location: 2F 1-1: Ball 2-1: Ball 3-1: Base on Balls
|
Batting: SHB Keith Hale
|
0-0: Reached on error, E4 (Groundball, 34) Paul Holcomb to third
|
Batting: RHB Dan McKay
|
0-0: Foul Ball, location: 2F 0-1: Ball 1-1: Ground out 4-3 (Groundball, 4) Paul Holcomb scores Keith Hale to third
|
Batting: SHB Jorge Maldonado
|
0-0: Ball 1-0: Ground out 4-3 (Groundball, 4)
|
Bottom of the 7th over - 1 run(s), 0 hit(s), 1 error(s), 1 left on base; Pueblo 0 - Rancho Cucamonga 6 |
TOP OF THE 8TH |
Pueblo Prairie Dogs batting - Pitching for Rancho Cucamonga Sick Monkeys : RHP Héctor Fabián
|
Now in RF: Will O'Dell
|
|
Batting: SHB Enrique Hernández
|
0-0: Foul Ball, location: 2F 0-1: Ball 1-1: Ground out 4-3 (Groundball, 4)
|
Batting: RHB Manny Herrera
|
0-0: Ball 1-0: Called Strike 1-1: Fly out, F8 (Flyball, 8RM)
|
Batting: LHB Alonso Carbajal
|
0-0: SOLO HOME RUN (Line Drive, 89XD), Distance : 417 ft
|
Batting: RHB Kyle Mann
|
0-0: Ball 1-0: SINGLE (Line Drive, 6D)
|
Batting: RHB Juan Hernández
|
0-0: Called Strike 0-1: Called Strike 0-2: Foul Ball, location: 2F 0-2: Foul Ball, location: 2F 0-2: Ball Wild Pitch! Kyle Mann to second 1-2: Strikes out swinging
|
Top of the 8th over - 1 run(s), 2 hit(s), 0 error(s), 1 left on base; Pueblo 1 - Rancho Cucamonga 6 |
BOTTOM OF THE 8TH |
Rancho Cucamonga Sick Monkeys batting - Pitching for Pueblo Prairie Dogs : RHP Edgar Sandoval
|
Batting: RHB Jeremy Davis
|
0-0: Foul Ball, location: 2F 0-1: Swinging Strike 0-2: Ball 1-2: Ball 2-2: Ball 3-2: Foul Ball, location: 2F 3-2: Foul Ball, location: 2F 3-2: SINGLE (Groundball, 4MD)
|
Batting: LHB José Esparza
|
0-0: Swinging Strike 0-1: Ball 1-1: Called Strike 1-2: Ball 2-2: Foul Ball, location: 2F 2-2: Strikes out swinging
|
Pitching: RHP Julião Edwards
|
|
Batting: RHB Roberto Quiñones
|
0-0: Called Strike Jeremy Davis steals 2nd base 0-1: Ball 1-1: Ball 2-1: Ball 3-1: Fly out, F9 (Flyball, 9S)
|
Batting: RHB Orlando González
|
0-0: Foul Ball, location: 2F 0-1: Ball 1-1: Swinging Strike 1-2: Strikes out swinging
|
Bottom of the 8th over - 0 run(s), 1 hit(s), 0 error(s), 1 left on base; Pueblo 1 - Rancho Cucamonga 6 |
TOP OF THE 9TH |
Pueblo Prairie Dogs batting - Pitching for Rancho Cucamonga Sick Monkeys : RHP Héctor Fabián
|
Batting: RHB Eric Barthorpe
|
0-0: Ball 1-0: Ball 2-0: Fly out, F9 (Flyball, 9)
|
Batting: LHB Patrick Carlson
|
0-0: Ball 1-0: Ball 2-0: SOLO HOME RUN (Flyball, 89XD), Distance : 430 ft
|
Pitching: RHP Freddy Morales
|
|
Batting: LHB William Romero
|
0-0: Ground out U3 (Groundball, 3)
|
Batting: SHB Jorge Melgaza
|
0-0: Foul Ball, location: 2F 0-1: Ball 1-1: Ball 2-1: Called Strike 2-2: Ball 3-2: Strikes out swinging
|
Top of the 9th over - 1 run(s), 1 hit(s), 0 error(s), 0 left on base; Pueblo 2 - Rancho Cucamonga 6 |
|